[ AOE2 MATCH · #495903007 ]
UnrankedMaya vs Saracens
Player's team · LOSS
Rival team · WIN
[ REPLAY ANALYSIS · EXTRACTED FROM THE RECORDED GAME ]
Feudal
9:28
Castle
20:39
Imperial
—
| APM avg | 57.8 |
| APM peak | 100 |
| eAPM avg | 17.6 |
| Villagers / military | 45 / 49 |
Focus
⚔️ 33.5% · 🌾 66.5%
Archer ×43 · Eagle Scout ×3 · Mangonel ×2 · Skirmisher ×1
Feudal
10:37
Castle
24:20
Imperial
—
| APM avg | 39.7 |
| APM peak | 68 |
| eAPM avg | 20.6 |
| Villagers / military | 53 / 58 |
Focus
⚔️ 50.7% · 🌾 49.3%
Archer ×52 · Skirmisher ×6
Match map
Initial resources + every placement click. Lines = walls · curves = elevation contours. ◆ gold · ⬟ stone · ● berries · ✦ relic · ◌ wall gap
Your base· Open — 5t gap
[BSF] Hobbes's base· Open — 6t gap
Smoothed initial terrain · ◌ = detected wall gap · hover for details
Inputs per minute
— LM | Gelga - - [BSF] Hobbes
Build order — LM | Gelga
First 150 of 155 actions detected
| 0:01 | Research | Loom |
| 0:01 | Queue | Villager (Male) |
| 0:01 | Queue | Villager (Male) |
| 0:02 | Queue | Villager (Male) |
| 0:04 | Build | House |
| 0:05 | Build | House |
| 1:40 | Queue | Villager (Male) |
| 1:46 | Build | Lumber Camp |
| 1:50 | Queue | Villager (Male) |
| 2:16 | Queue | Villager (Male) |
| 3:02 | Queue | Villager (Male) |
| 3:17 | Queue | Villager (Male) |
| 3:45 | Build | House |
| 3:48 | Build | House |
| 3:56 | Queue | Villager (Male) |
| 4:12 | Queue | Villager (Male) |
| 4:25 | Queue | Villager (Male) |
| 4:49 | Build | Mill |
| 4:57 | Queue | Villager (Male) |
| 5:26 | Queue | Villager (Male) |
| 5:45 | Queue | Villager (Male) |
| 6:11 | Queue | Villager (Male) |
| 6:12 | Queue | Villager (Male) |
| 7:18 | Research | Feudal Age |
| 7:56 | Build | Barracks |
| 8:18 | Build | Mining Camp |
| 8:32 | Build | House |
| 8:47 | Build | Palisade Wall |
| 8:48 | Build | Palisade Wall |
| 9:21 | Queue | Villager (Male) |
| 9:22 | Queue | Villager (Male) |
| 9:28 | Age | Feudal Age |
| 9:34 | Build | Archery Range |
| 9:39 | Research | Double-Bit Axe |
| 9:56 | Queue | Villager (Male) |
| 10:09 | Build | Blacksmith |
| 10:14 | Build | House |
| 10:16 | Build | Palisade Wall |
| 10:16 | Build | Palisade Wall |
| 10:19 | Queue | Villager (Male) |
| 10:30 | Queue | Archer |
| 10:31 | Queue | Archer |
| 10:32 | Queue | Skirmisher |
| 10:41 | Build | Palisade Wall |
| 10:45 | Queue | Villager (Male) |
| 10:53 | Build | House |
| 11:01 | Queue | Archer |
| 11:38 | Queue | Villager (Male) |
| 12:03 | Research | Fletching |
| 12:07 | Build | Farm |
| 12:09 | Build | Farm |
| 12:13 | Queue | Archer |
| 12:28 | Queue | Villager (Male) |
| 12:39 | Build | Market |
| 12:46 | Queue | Archer |
| 13:10 | Queue | Villager (Male) |
| 13:11 | Build | Farm |
| 13:15 | Queue | Eagle Scout |
| 13:36 | Queue | Villager (Male) |
| 13:37 | Queue | Villager (Male) |
| 13:40 | Build | Farm |
| 14:09 | Queue | Villager (Male) |
| 14:11 | Build | Farm |
| 14:17 | Queue | Archer |
| 14:17 | Queue | Archer |
| 14:17 | Queue | Archer |
| 14:19 | Queue | Eagle Scout |
| 14:33 | Build | Farm |
| 14:35 | Queue | Archer |
| 14:46 | Build | Farm |
| 14:48 | Build | Farm |
| 14:55 | Build | House |
| 15:01 | Queue | Villager (Male) |
| 15:04 | Build | Farm |
| 15:22 | Queue | Eagle Scout |
| 15:25 | Research | Wheelbarrow |
| 15:30 | Build | Farm |
| 15:54 | Queue | Villager (Male) |
| 16:25 | Queue | Archer |
| 17:00 | Build | Archery Range |
| 17:06 | Queue | Archer |
| 17:09 | Queue | Villager (Male) |
| 17:35 | Build | Archery Range |
| 17:43 | Build | Watch Tower |
| 17:59 | Research | Castle Age |
| 18:21 | Queue | Archer |
| 18:47 | Queue | Archer |
| 18:53 | Research | Padded Archer Armor |
| 18:53 | Research | Padded Archer Armor |
| 19:06 | Queue | Archer |
| 19:07 | Queue | Archer |
| 19:21 | Build | House |
| 19:24 | Build | House |
| 19:29 | Build | Palisade Wall |
| 19:32 | Build | Palisade Wall |
| 19:53 | Queue | Archer |
| 20:15 | Queue | Archer |
| 20:15 | Queue | Archer |
| 20:37 | Build | Mining Camp |
| 20:39 | Age | Castle Age |
| 20:44 | Queue | Archer |
| 20:44 | Queue | Archer |
| 20:53 | Research | Bodkin Arrow |
| 20:55 | Queue | Villager (Male) |
| 20:59 | Build | Siege Workshop |
| 21:04 | Queue | Villager (Male) |
| 21:08 | Queue | Archer |
| 21:08 | Queue | Archer |
| 21:20 | Build | Gate |
| 21:25 | Build | House |
| 21:49 | Queue | Mangonel |
| 22:19 | Queue | Villager (Male) |
| 22:20 | Queue | Villager (Male) |
| 22:22 | Queue | Archer |
| 22:22 | Queue | Archer |
| 22:22 | Queue | Archer |
| 23:03 | Queue | Archer |
| 23:03 | Queue | Archer |
| 23:03 | Queue | Archer |
| 23:24 | Build | Farm |
| 23:27 | Queue | Archer |
| 23:27 | Queue | Archer |
| 23:27 | Queue | Archer |
| 23:28 | Queue | Archer |
| 23:48 | Queue | Villager (Male) |
| 24:24 | Build | Farm |
| 24:24 | Queue | Villager (Male) |
| 24:49 | Queue | Archer |
| 24:50 | Queue | Archer |
| 24:50 | Queue | Archer |
| 24:50 | Queue | Villager (Male) |
| 24:53 | Build | Farm |
| 25:04 | Queue | Archer |
| 25:04 | Queue | Archer |
| 25:05 | Queue | Villager (Male) |
| 25:05 | Queue | Villager (Male) |
| 25:11 | Build | Farm |
| 25:14 | Build | Farm |
| 25:44 | Build | Farm |
| 26:08 | Research | Crossbowman (upgrade) |
| 26:08 | Research | Crossbowman (upgrade) |
| 26:20 | Queue | Archer |
| 26:20 | Queue | Archer |
| 26:44 | Queue | Villager (Male) |
| 26:45 | Queue | Villager (Male) |
| 26:45 | Queue | Villager (Male) |
| 27:44 | Queue | Archer |
| 27:44 | Queue | Archer |
| 27:48 | Queue | Villager (Male) |
| 28:04 | Queue | Villager (Male) |
Build order — [BSF] Hobbes
First 150 of 171 actions detected
| 0:02 | Build | House |
| 0:04 | Build | House |
| 0:05 | Queue | Villager (Male) ×4 |
| 0:11 | Build | House |
| 1:30 | Queue | Villager (Male) |
| 2:11 | Queue | Villager (Male) |
| 2:57 | Build | Lumber Camp |
| 3:01 | Queue | Villager (Male) |
| 3:02 | Queue | Villager (Male) |
| 3:16 | Queue | Villager (Male) |
| 3:46 | Queue | Villager (Male) |
| 4:05 | Queue | Villager (Male) |
| 4:22 | Build | House |
| 4:23 | Build | House |
| 4:30 | Queue | Villager (Male) |
| 4:52 | Build | Mill |
| 5:32 | Queue | Villager (Male) |
| 5:41 | Queue | Villager (Male) ×3 |
| 6:35 | Queue | Villager (Male) |
| 6:42 | Queue | Villager (Male) |
| 6:42 | Research | Loom |
| 7:15 | Build | Lumber Camp |
| 8:04 | Research | Feudal Age |
| 8:28 | Build | Mining Camp |
| 9:03 | Queue | Villager (Male) |
| 9:08 | Build | Barracks |
| 9:11 | Build | House |
| 10:37 | Age | Feudal Age |
| 10:41 | Build | Archery Range |
| 10:43 | Research | Double-Bit Axe |
| 10:56 | Build | House |
| 11:00 | Build | Palisade Wall |
| 11:02 | Build | Palisade Wall |
| 11:05 | Queue | Villager (Male) |
| 11:13 | Build | Archery Range |
| 11:16 | Queue | Villager (Male) |
| 11:31 | Queue | Villager (Male) |
| 11:39 | Queue | Skirmisher |
| 11:56 | Queue | Archer |
| 12:11 | Queue | Archer |
| 12:15 | Build | Blacksmith |
| 12:19 | Queue | Archer |
| 12:26 | Queue | Villager (Male) |
| 12:36 | Queue | Skirmisher |
| 12:48 | Build | Palisade Gate |
| 12:50 | Build | House |
| 12:59 | Queue | Skirmisher |
| 12:59 | Queue | Skirmisher |
| 13:10 | Queue | Skirmisher |
| 13:11 | Queue | Skirmisher |
| 13:23 | Queue | Archer |
| 13:23 | Queue | Archer |
| 13:29 | Queue | Villager (Male) |
| 13:31 | Build | Farm |
| 13:40 | Research | Horse Collar |
| 13:45 | Queue | Villager (Male) |
| 13:50 | Queue | Archer |
| 13:50 | Queue | Archer |
| 14:01 | Research | Padded Archer Armor |
| 14:10 | Queue | Villager (Male) |
| 14:12 | Build | Farm |
| 14:14 | Build | House |
| 14:24 | Queue | Archer |
| 14:24 | Queue | Archer |
| 14:35 | Build | Farm |
| 14:36 | Build | Farm |
| 14:43 | Queue | Archer |
| 15:06 | Queue | Villager (Male) |
| 15:09 | Build | Farm |
| 15:11 | Build | Farm |
| 15:19 | Queue | Archer |
| 15:34 | Queue | Archer |
| 15:34 | Queue | Archer |
| 15:39 | Research | Fletching |
| 15:42 | Queue | Archer |
| 15:52 | Build | Farm |
| 16:00 | Queue | Villager (Male) |
| 16:08 | Build | House |
| 16:09 | Build | House |
| 16:14 | Queue | Archer |
| 16:32 | Queue | Archer |
| 16:51 | Queue | Archer |
| 16:55 | Queue | Villager (Male) |
| 16:58 | Build | Farm |
| 16:59 | Build | Farm |
| 17:00 | Build | Farm |
| 17:08 | Queue | Archer |
| 17:12 | Queue | Villager (Male) |
| 18:04 | Build | Farm |
| 18:06 | Build | Farm |
| 18:08 | Queue | Villager (Male) |
| 18:14 | Queue | Villager (Male) |
| 18:18 | Build | Mining Camp |
| 18:22 | Build | House |
| 18:23 | Build | House |
| 18:25 | Build | Palisade Wall |
| 18:37 | Queue | Archer |
| 18:37 | Queue | Archer |
| 18:54 | Build | House |
| 18:57 | Build | House |
| 19:03 | Queue | Archer |
| 19:04 | Queue | Archer |
| 19:05 | Queue | Villager (Male) |
| 19:07 | Build | Farm |
| 20:01 | Queue | Archer |
| 20:02 | Queue | Archer |
| 20:02 | Queue | Villager (Male) |
| 20:03 | Queue | Villager (Male) |
| 20:30 | Queue | Archer |
| 20:30 | Queue | Archer |
| 20:35 | Build | Farm |
| 20:50 | Queue | Archer |
| 20:50 | Queue | Archer |
| 20:58 | Build | Farm |
| 21:00 | Build | Farm |
| 21:03 | Build | Farm |
| 21:09 | Queue | Villager (Male) |
| 21:18 | Queue | Archer |
| 21:18 | Queue | Archer |
| 21:40 | Research | Castle Age |
| 21:57 | Queue | Archer |
| 21:57 | Queue | Archer |
| 21:57 | Queue | Archer |
| 22:02 | Research | Gold Mining |
| 22:07 | Queue | Archer |
| 22:16 | Queue | Villager (Male) |
| 22:30 | Research | Stone Mining |
| 22:35 | Queue | Archer |
| 23:02 | Queue | Villager (Male) |
| 23:03 | Queue | Archer |
| 23:04 | Queue | Archer |
| 23:41 | Queue | Archer |
| 23:41 | Queue | Archer |
| 24:20 | Age | Castle Age |
| 24:21 | Research | Crossbowman (upgrade) |
| 24:27 | Queue | Archer |
| 24:27 | Queue | Archer |
| 24:44 | Queue | Villager (Male) |
| 24:47 | Build | Town Center |
| 24:53 | Queue | Archer |
| 24:59 | Research | Bodkin Arrow |
| 25:10 | Queue | Villager (Male) |
| 25:10 | Queue | Villager (Male) |
| 25:29 | Build | University |
| 25:39 | Queue | Archer |
| 25:39 | Queue | Archer |
| 25:53 | Queue | Villager (Male) |
| 25:54 | Queue | Villager (Male) |
| 26:00 | Research | Bow Saw |
| 26:14 | Queue | Archer |
Match timeline
| 7:56 | LM | Gelga · first_building Barracks |
| 8:47 | LM | Gelga · wall_segment Palisade Wall x5 |
| 8:48 | LM | Gelga · wall_segment Palisade Wall x1 |
| 9:08 | [BSF] Hobbes · first_building Barracks |
| 9:28 | LM | Gelga · age_up feudal |
| 9:34 | LM | Gelga · first_building Archery Range |
| 10:16 | LM | Gelga · wall_segment Palisade Wall x1 |
| 10:16 | LM | Gelga · wall_segment Palisade Wall x1 |
| 10:37 | [BSF] Hobbes · age_up feudal |
| 10:41 | [BSF] Hobbes · first_building Archery Range |
| 10:41 | LM | Gelga · wall_segment Palisade Wall x10 |
| 11:00 | [BSF] Hobbes · wall_segment Palisade Wall x2 |
| 11:02 | [BSF] Hobbes · wall_segment Palisade Wall x7 |
| 18:18 | LM | Gelga · first_market_sell 100 wood |
| 18:25 | [BSF] Hobbes · wall_segment Palisade Wall x12 |
| 19:29 | LM | Gelga · wall_segment Palisade Wall x1 |
| 19:32 | LM | Gelga · wall_segment Palisade Wall x1 |
| 20:39 | LM | Gelga · age_up castle |
| 20:59 | LM | Gelga · first_building Siege Workshop |
| 23:14 | LM | Gelga · first_market_buy 100 wood |
| 24:20 | [BSF] Hobbes · age_up castle |
| 28:53 | [BSF] Hobbes · first_building Castle |
| 28:56 | LM | Gelga · resign |
[ AI ANALYSIS · 1 CREDIT ]
What really happened in this match?
Wolo.gg analyzes every decision: build order, eco, micro, common mistakes by bracket. Personalized analysis on WhatsApp or Discord in 30 seconds.
Civ guide
Maya
Perfil
LM | Gelga